 Dungeon Crawl Stone Soup version 0.32-a0-470-g255bbe2f98 (webtiles) character file.

Game seed: 3891622764175564228

11 Zigma the Insei (level 2, -2/31 HPs)
             Began as an Octopode Monk on Feb 25, 2024.
             Was a Priest of Beogh.
             Slain by a +6 hand axe "Cynon" {spect, Int+5} (10 damage)
             ... created by Jorge the orc apostle
             ... on level 1 of the Dungeon.
             The game lasted 00:00:50 (410 turns).

Zigma the Insei (Octopode Monk)                      Turns: 410, Time: 00:00:50

Health: -2/31      AC: 21    Str: 10    XL:     2   Next: 29%
Magic:  2/2        EV:  2    Int: 12    God:    Beogh [***...]
Gold:   17         SH:  0    Dex: 14    Spells: 1/1 levels left

rFire   . .          .
                       - Unarmed
rCold   . . .        b - orb {light}
rNeg    . . .        (helmet currently unavailable)
rPois   +            (no amulet)
rElec   .            (no ring)
rCorr   .            (no ring)
SInv    .            (no ring)
Will    .....        (no ring)
Stlth   +            (no ring)
HPRegen 0.25/turn    (no ring)
MPRegen 0.08/turn    (no ring)
                     (no ring)

%: no passive effects
@: confused, tree-form, ambrosia-drunk, glowing
A: stationary, stasis, torment immunity, boosted hp, almost no armour,
(amphibious), 8 rings, (camouflage 1), (gelatinous body 1), (nimble swimmer 1),
(tentacles)
a: Renounce Religion, Smiting


You were on level 1 of the Dungeon.
You worshipped Beogh.
Beogh was most pleased with you.
You were a tree.
You visited 1 branch of the dungeon, and saw 1 of its levels.

You collected 17 gold pieces.

Inventory:

Armour
 b - an orb of light (worn)
Scrolls
 d - a scroll of silence {unknown}
 e - a scroll of identify {unknown}


   Skills:
 + Level 3.0 Fighting
 + Level 3.1 Dodging
 + Level 3.3 Unarmed Combat
 * Level 0.2 Invocations
 * Level 0.4 Shapeshifting


You had one spell level left.
You didn't know any spells.
Your spell library was empty.

Dungeon Overview and Level Annotations

Branches:
Dungeon (1/15)

Altars:
Beogh


Innate Abilities, Weirdness & Mutations

You are a tree.
Your roots penetrate the ground, keeping you stationary.
You cannot be teleported.
You are immune to unholy pain and torment.
Your maximum health is greatly increased.
Your facial features look somewhat orcish.
You cannot wear most types of armour.
((You are amphibious.))
You can wear up to eight rings at the same time.
((Your skin changes colour to match your surroundings (Stealth+).))
((Your rubbery body absorbs attacks. (AC +1, EV +1)))
((You are camouflaged when in or above water. (Stealth+)))
((You have tentacles for arms and can constrict up to eight enemies at once.))


Message History

The endoplasm closely misses you.
You tentacle-slap the endoplasm.
You kill the endoplasm!
Beogh accepts your kill.
No target in view!
Beogh speaks to you: Beware that a challenger has come seeking you in battle.
Prove your devotion to me!
Unite all my children beneath one banner!
Jorge the orc apostle comes into view.
She is wielding the +6 hand axe "Cynon" {spect, Int+5} and wearing a +5 leather armour of poison resistance.
You aren't carrying any items that you can evoke.
Unknown command.
Okay, then.
Okay, then.
Unknown command.
It was a potion of lignification.
You turn into a tree.
Your roots penetrate the ground.
It was a potion of heal wounds.
You feel much better.
You start resting.
Jorge is nearby!
You smack Jorge!
Your punch misses Jorge.
Jorge is lightly wounded.
You barely miss Jorge.
Jorge is lightly wounded.
Jorge calls down the wrath of Beogh upon you.
Beogh smites you!
* * * LOW HITPOINT WARNING * * *
You hit Jorge but do no damage. Your punch misses Jorge.
Jorge is lightly wounded.
Jorge mumbles some strange prayers to Beogh against you.
Beogh smites you!
* * * LOW HITPOINT WARNING * * *
You smack Jorge!
Jorge is moderately wounded.
Jorge hits you with the +6 hand axe "Cynon".
* * * LOW HITPOINT WARNING * * *
The +6 hand axe "Cynon" {spect, Int+5} hits you.
* * * LOW HITPOINT WARNING * * *
A +6 hand axe "Cynon" {spect, Int+5} comes into view.
You are confused.
You feel invigorated. Jorge barely misses you.
The +6 hand axe "Cynon" {spect, Int+5} hits you!
You die...

###...# #o...............#####
#...#.###.....#####......# #
#.###.#.......# #......#####
####.# #..#..##.#### ####+#..)...
#....# #.....##.....##....#.#####
#.########.#.####.######.........
......#..#.#.# #.# #.........
.......#.#.#.####o######.........
#.#.....##.#....♣(...............
#.#......#.#.....................
#.#......#.#...............).....
#.#.#....#.#.....................
#.#.##...#.......................
#.#⌠.....##......................
#.#####..##......................
.<......................#######.#
#.#####..###............##.......


You could see Jorge the orc apostle (divinely empowered) and a +6 hand axe
"Cynon" {spect, Int+5}.

Vanquished Creatures
  A bat (D:1)
  2 endoplasms (D:1)
  A goblin (D:1)
  A hobgoblin (D:1)
  A frilled lizard (D:1)
  3 kobolds (D:1)
  2 rats (D:1)
11 creatures vanquished.

Notes
Turn   | Place    | Note
-------+----------+-------------------------------------------
     0 | D:1      | Zigma the Octopode Monk began the quest for the Orb.
     0 | D:1      | Reached XP level 1. HP: 16/16 MP: 1/1
   115 | D:1      | Found a faded altar of an unknown god.
   131 | D:1      | Prayed at the altar of an unknown god.
   131 | D:1      | Became a worshipper of Beogh the Shepherd
   131 | D:1      | Reached * piety under Beogh
   131 | D:1      | Reached ** piety under Beogh
   286 | D:1      | Reached XP level 2. HP: 20/21 MP: 2/2
   389 | D:1      | Reached *** piety under Beogh
   397 | D:1      | Identified the +6 hand axe "Cynon" {spect, Int+5}
   397 | D:1      | Noticed Jorge
   410 | D:1      | Slain by a +6 hand axe "Cynon" {spect, Int+5}

Illustrated notes

Levels and vault maps discovered:
D:1:      matt_arrival_grand_opening, layout_basic,
          ebering_ecumenical_altar_petrified, nrook_mini_vaults

Action                     || total
---------------------------++-------
  Melee: Unarmed           ||    32
         Constrict         ||     9
         Tentacles         ||     6
    Use: Potion            ||     3
   Stab: Sleeping          ||     1
 Armour: Skin              ||    10
  Dodge: Dodged            ||    14

Table legend: (Time is in decaauts)
 A = Elapsed time spent in this place.
 B = Non-inter-level travel time spent in this place.
 C = Inter-level travel time spent in this place.
 D = Time resting spent in this place.
 E = Time spent auto-exploring this place.
 F = Levels seen in this place.
 G = Mean time per level.
                   A        B        C        D        E       F      G
               +--------+--------+--------+--------+--------+-----+--------+
         Total |    407 |    407 |      0 |      3 |    327 |   1 |  407.0 |
       Dungeon |    407 |    407 |      0 |      3 |    327 |   1 |  407.0 |
               +--------+--------+--------+--------+--------+-----+--------+

Top non-repeatable levels by time:
     D:1: 407 daAuts
